[Event "2nd Namma Bengaluru Open-A 2025"]
[Site "Bengaluru"]
[Date "2025.04.13"]
[Round "5.1"]
[White "Viani Antonio Dcunha"]
[Black "Petrosyan, Manuel"]
[Result "1/2-1/2"]
[Annotator "TA"]
[ECO "C92"]
[WhiteElo "2378"]
[BlackElo "2544"]
[PlyCount "51"]
[EventDate "2025.04.10"]
[EventType "swiss"]
[EventCountry "IND"]
[SourceTitle "playchess.com"]
[Source "ChessBase"]
[SourceQuality "1"]
[TimeControl "5400+30"]

1. e4 e5 2. Nf3 Nc6 3. Bb5 a6 4. Ba4 Nf6 5. O-O Be7 6. Re1 b5 7. Bb3 O-O 8. c3 d6 9. h3 Bb7 10. d4 Re8 11. Ng5 Rf8 12. Nf3 Re8 13. Ng5 Rf8 14. Nf3 Re8 15. Ng5 {[%emt 0:00:30] C93: Closed Ruy Lopez: Smyslov Variation.} Rf8 16. Nf3 Re8 {[%emt 0:00:30] 16...Qd7 is the modern continuation. A rather calm draw.   Weighted Error Value: White=0.22 (precise) /Black=0.00 (flawless)   OK:         	---       	Black=2} 17. Nbd2 $146 Bf8 18. a3 h6 19. Bc2 Nb8 20. b3 Nbd7 21. Bb2 Rb8 22. a4 g6 23. axb5 axb5 24. Ra7 d5 25. Nxe5 dxe4 26. c4 {½-½ Sadhwani,R (2659)-Svidler,P (2698) Bundesliga 2425 2024 (7.6)} 1/2-1/2

[Event "2nd Namma Bengaluru Open-A 2025"]
[Site "Bengaluru"]
[Date "2025.04.13"]
[Round "5.2"]
[White "Pranav Anand"]
[Black "Deepan Chakkravarthy J."]
[Result "1-0"]
[Annotator "TA"]
[ECO "E07"]
[WhiteElo "2538"]
[BlackElo "2394"]
[PlyCount "83"]
[EventDate "2025.04.10"]
[EventType "swiss"]
[EventCountry "IND"]
[SourceTitle "playchess.com"]
[Source "ChessBase"]
[SourceQuality "1"]
[TimeControl "5400+30"]

1. c4 e6 2. Nf3 d5 3. d4 Nf6 4. g3 Be7 5. Bg2 O-O 6. O-O c6 7. Nc3 Nbd7 {[%emt 0:08:59] 7...a5 is the modern continuation.} 8. Qd3 b6 9. e4 Bb7 {[%emt 0:05:38] E07: Closed Catalan: Main Line (5 Nf3 0-0 6 0-0 Nbd7).} 10. e5 dxc4 11. Qxc4 Nd5 {[%emt 0:00:02] The position is equal.} 12. Nxd5 cxd5 13. Qa4 a6 $146 (13... Nb8 14. Bf4 Qd7 15. Qxd7 Nxd7 16. Rfc1 Rac8 17. Bf1 Nb8 18. a3 Ba6 19. Bxa6 Nxa6 {½-½ Santos Latasa,J (2677)-Livaic,L (2574) Zagreb Peace 2022 (1)}) 14. Re1 Rc8 15. Bf1 Nb8 16. Bd3 Nc6 17. a3 (17. Bxa6 $2 Ra8 18. Bxb7 Rxa4 $19) 17... Qe8 18. Qd1 {[%emt 0:00:00] White is much more active. White leaves nothing to chance now.} (18. Bxa6 $2 {perishes.} Nxe5 19. Qd1 Nxf3+ 20. Qxf3 Bxa6 $19) 18... Na5 19. h4 h6 {[%emt 0:00:34] [#]} (19... Bc6 $16) 20. Bb1 $1 $18 {[%emt 0:00:00][%cal Oc1h6] aiming for Bxh6!.} h5 21. b4 Nc4 {[%emt 0:00:19] [#]} (21... Rxc1 $142 22. Qxc1 Nc4) 22. Ng5 $1 Bxg5 23. Bxg5 ({Don't do} 23. Qxh5 $6 Bh6 $18) 23... f6 24. exf6 $40 {[%emt 0:00:00][%mdl 128] White is out for blood.} gxf6 (24... Qf7 $142 25. fxg7 Qxf2+ 26. Kh1 Rf7) 25. Bh6 Qf7 26. Bxf8 Rxf8 27. Bd3 e5 28. Be2 f5 $2 (28... e4 29. Rc1 (29. Bxh5 Qh7 $18) 29... f5 30. Bxh5 Qh7) 29. Bxc4 {[%emt 0:00:00] White is clearly winning.} dxc4 30. Rxe5 Re8 31. Qe2 Rxe5 32. Qxe5 {[%emt 0:00:00][%mdl 4096] Endgame KQR-KQB} Be4 {[%emt 0:00:06] [#]} 33. d5 $1 Qxd5 34. Qxd5+ Bxd5 {[%emt 0:00:04] KR-KB} 35. Rd1 Be4 36. Rd7 Kf8 37. Kf1 Ke8 38. Rg7 Kd8 39. Ke1 c3 40. Kd1 Kc8 41. Kc1 b5 42. Rh7 {[%emt 0:00:23] Weighted Error Value: White=0.08 (flawless) /Black=0.46  Mistake:       	---       	Black=4      Inaccurate:     	---       	Black=3      OK:         	White=13    	Black=8      Best:        	---       	Black=1      Strong:       	White=2     	---} 1-0

[Event "2nd Namma Bengaluru Open-A 2025"]
[Site "Bengaluru"]
[Date "2025.04.13"]
[Round "5.3"]
[White "Sanket Chakravarty"]
[Black "Pantsulaia, Levan"]
[Result "*"]
[Annotator "TA"]
[ECO "D05"]
[WhiteElo "2317"]
[BlackElo "2532"]
[PlyCount "128"]
[EventDate "2025.04.10"]
[EventType "swiss"]
[EventCountry "IND"]
[SourceTitle "playchess.com"]
[Source "ChessBase"]
[SourceQuality "1"]
[TimeControl "5400+30"]

1. d4 Nf6 2. Nf3 d5 3. e3 e6 4. Bd3 b6 5. b3 Bb7 6. Bb2 {[%emt 0:00:06] D05: Colle System with ...e6.} Nbd7 7. Nbd2 Bd6 8. Qe2 {[%emt 0:01:53] The position is equal.} Ne4 9. O-O f5 10. Ne5 Bxe5 $146 (10... O-O 11. f3 Nxd2 12. Qxd2 Nxe5 13. dxe5 Be7 14. Qe2 Qe8 15. c4 c6 16. Rac1 Rc8 17. cxd5 cxd5 {½-½ Wageih,K (2110)-Blum,N (2224) Wch U16 Kemer 2007 (8)}) 11. dxe5 O-O 12. f3 Nxd2 13. Qxd2 Qe7 14. Rad1 Rfd8 15. Qe2 Nc5 16. Ba3 a5 17. c4 a4 18. Bb4 c6 19. cxd5 cxd5 20. bxa4 Qh4 21. Qe1 (21. Qb2 {is interesting.} Nxd3 22. Rxd3 Ba6 23. Rd4) 21... Qxe1 22. Rfxe1 Rxa4 23. a3 Nxd3 24. Rxd3 Rc8 25. Rd2 Rc4 26. Rb1 Bc6 27. f4 Kf7 28. Kf2 h6 29. g3 Ra8 30. Rd4 b5 31. Rxc4 dxc4 $11 {[%emt 0:01:15][%mdl 4096] Endgame KRB-KRB} 32. Rd1 Bd5 33. h3 g5 34. Rd2 Kg6 35. Rd1 Rh8 36. Bc3 h5 37. h4 gxh4 38. gxh4 Ra8 39. Bb4 Kf7 40. Rg1 $1 Be4 41. Rd1 Bd3 42. Ra1 Rc8 {[%emt 0:02:47] ...c3 would now be deadly.} 43. Bc3 Bc2 44. Rg1 Ra8 45. Bb4 Rd8 46. Ke2 Bd3+ 47. Kf2 Be4 48. Bc3 $2 {[%emt 0:00:28] This move loses the game for White.} (48. Bd6 $11) 48... Rd3 $19 49. Rc1 Ke8 $1 50. Ke2 Kd7 51. Bb4 {[%emt 0:02:25] [#]} Rb3 $1 52. Kd2 (52. Rd1+ $142 Kc8 53. Rd6) 52... Kc6 53. Rg1 Kd5 (53... Rd3+ 54. Ke2 $17) 54. Rg8 Rb2+ ({Weaker is} 54... Rd3+ 55. Ke2 $15) 55. Kc1 Rc2+ 56. Kd1 {[%emt 0:00:03] [#]} Bd3 $1 ({And not} 56... c3 57. Rc8 Rd2+ 58. Kc1 Rc2+ 59. Kd1 Rd2+ 60. Kc1 $11) 57. Rd8+ Ke4 58. Bc5 Ra2 59. Rd6 Kf3 60. Rd8 Be4 61. Bb4 {[%emt 0:00:52] Dodges c3} Kxe3 62. Bd2+ Kf3 63. Bc1 Rh2 64. Rd6 {[%emt 0:00:41] Loses game:     	White=1     	---        Mistake:       	White=1     	---        Inaccurate:     	White=5     	Black=3      OK:         	White=17    	Black=27     Best:        	White=2     	Black=5      Strong:       	White=1     	Black=3} Rh1+ $2 {[%emt 0:00:05] Weighted Error Value: White=0.40/Black=0.11 (very precise)} (64... Bc2+ {mates} 65. Ke1 c3 (65... Rxh4 $2 66. Kd2 $19) 66. Rd3+ Bxd3 67. Be3 Rh1+ 68. Bg1 Rxg1#) *

[Event "2nd Namma Bengaluru Open-A 2025"]
[Site "Bengaluru"]
[Date "2025.04.13"]
[Round "5.3"]
[White "Sanket Chakravarty"]
[Black "Pantsulaia, Levan"]
[Result "0-1"]
[Annotator "ChessBase"]
[ECO "D33"]
[WhiteElo "2317"]
[BlackElo "2532"]
[PlyCount "102"]
[EventDate "2025.04.10"]
[EventType "swiss"]
[EventCountry "IND"]
[SourceTitle "playchess.com"]
[Source "ChessBase"]
[SourceQuality "1"]
[TimeControl "5400+30"]

1. c4 c5 2. Nc3 Nf6 3. g3 e6 4. Nf3 d5 5. cxd5 exd5 6. d4 h6 7. Bg2 Nc6 8. O-O a6 9. b3 Be6 10. Bb2 Be7 11. Rc1 O-O 12. dxc5 Bxc5 13. Na4 Ba7 14. Nd4 Bxd4 15. Bxd4 Re8 16. e3 Qe7 17. Bb2 Ne4 18. Nc3 Nxc3 19. Bxc3 Rad8 20. Bd4 Bf5 21. Bb6 Rd7 22. Rc5 Be4 23. f3 Bg6 24. Rxd5 Rxd5 25. Qxd5 Qb4 26. Qc5 Qd2 27. Rf2 Qd1+ 28. Rf1 Qd2 29. e4 Qxa2 30. Qd5 Re5 31. Qd7 Qxb3 32. Qxb7 Rb5 33. Qc8+ Kh7 34. Bf2 Nb4 35. f4 a5 36. f5 Bh5 37. f6 Qe6 38. Qxe6 fxe6 39. Be3 Bf7 40. fxg7 Kxg7 41. Bxh6+ Kxh6 42. Rxf7 Kg6 43. Ra7 Kf6 44. h4 Nc6 45. Ra6 Nd4 46. g4 Ke5 47. g5 Kf4 48. Rd6 e5 49. g6 Kg3 50. Rxd4 exd4 51. g7 Rb8 0-1

[Event "2nd Namma Bengaluru Open-A 2025"]
[Site "Bengaluru"]
[Date "2025.04.13"]
[Round "5.10"]
[White "Manish Anto Cristiano F"]
[Black "Harshit Ranjan Sahu"]
[Result "1-0"]
[Annotator "ChessBase"]
[ECO "A26"]
[WhiteElo "2361"]
[BlackElo "2142"]
[PlyCount "71"]
[EventDate "2025.04.10"]
[EventType "swiss"]
[EventCountry "IND"]
[SourceTitle "playchess.com"]
[Source "ChessBase"]
[SourceQuality "1"]
[TimeControl "5400+30"]

1. c4 Nf6 2. Nc3 g6 3. g3 Bg7 4. Bg2 O-O 5. Nf3 d6 6. O-O e5 7. d3 Nc6 8. Rb1 Re8 9. b4 Ne7 10. e4 Nd7 11. Bd2 Nf8 12. Kh1 Ne6 13. Ng5 Nd4 14. f4 h6 15. Nf3 Bg4 16. Qe1 Bxf3 17. Bxf3 exf4 18. Bxf4 g5 19. Bd2 Nxf3 20. Rxf3 Ng6 21. Qf1 Qd7 22. Nd5 c6 23. Ne3 Re6 24. Rf5 Rae8 25. Qf2 Ne5 26. Qe2 Rf6 27. Rxf6 Bxf6 28. Rf1 Bg7 29. Bc1 Qe6 30. Nf5 Bf8 31. Bb2 d5 32. exd5 cxd5 33. c5 Nc6 34. Qf2 f6 35. Nd4 Nxd4 36. Bxd4 1-0

[Event "2nd Namma Bengaluru Open-A 2025"]
[Site "Bengaluru"]
[Date "2025.04.13"]
[Round "5.11"]
[White "Ajay Santhosh Parvathareddy"]
[Black "Padmini, Rout"]
[Result "0-1"]
[Annotator "ChessBase"]
[ECO "C65"]
[WhiteElo "2297"]
[BlackElo "2354"]
[PlyCount "100"]
[EventDate "2025.04.10"]
[EventType "swiss"]
[EventCountry "IND"]
[SourceTitle "playchess.com"]
[Source "ChessBase"]
[SourceQuality "1"]
[TimeControl "5400+30"]

1. e4 e5 2. Nf3 Nc6 3. Bb5 Nf6 4. d3 Bc5 5. c3 d6 6. d4 exd4 7. cxd4 Bb4+ 8. Bd2 Bxd2+ 9. Nbxd2 O-O 10. O-O Bg4 11. Qc2 Ne7 12. h3 Bd7 13. Bd3 Ng6 14. Rfe1 c6 15. e5 dxe5 16. dxe5 Nd5 17. a3 Ndf4 18. Be4 f5 19. Bd3 Nxd3 20. Qxd3 Be6 21. Qc3 Bd5 22. Rad1 Qe7 23. Nc4 Rad8 24. Rd4 h6 25. Red1 Kh7 26. R1d2 b5 27. Ne3 Bxf3 28. Rxd8 Rxd8 29. Rxd8 Qxd8 30. gxf3 Qg5+ 31. Kf1 f4 32. Ng2 Nxe5 33. Qc2+ Qg6 34. Qxg6+ Kxg6 35. Nxf4+ Kf5 36. Ne2 Nxf3 37. Kg2 Ne1+ 38. Kf1 Nc2 39. Ng3+ Ke5 40. Ke2 c5 41. Kd3 Nd4 42. Nf1 g5 43. Ng3 Ne6 44. Ne4 Nf4+ 45. Ke3 c4 46. Nc3 a6 47. Ne4 Nxh3 48. Nc5 Nf4 49. Nxa6 Nd5+ 50. Kf3 Kd4 0-1

[Event "2nd Namma Bengaluru Open-A 2025"]
[Site "Bengaluru"]
[Date "2025.04.13"]
[Round "5.12"]
[White "Grigoryan, Karen H."]
[Black "Madhvendra Pratap Sharma"]
[Result "*"]
[Annotator "TA"]
[ECO "C42"]
[WhiteElo "2556"]
[BlackElo "2234"]
[PlyCount "118"]
[EventDate "2025.04.10"]
[EventType "swiss"]
[EventCountry "IND"]
[SourceTitle "playchess.com"]
[Source "ChessBase"]
[SourceQuality "1"]
[TimeControl "5400+30"]

1. e4 e5 2. Nf3 Nf6 3. Nxe5 d6 4. Nf3 Nxe4 5. Nc3 Nxc3 6. dxc3 Be7 7. Be3 Nd7 8. Qd2 {[%emt 0:01:20] C42: Petroff Defence: 3 Nxe5 and unusual White 3rd moves.} Ne5 9. Be2 O-O 10. O-O Be6 11. b3 Bf6 $146 (11... Nxf3+ 12. Bxf3 d5 13. Rfe1 c6 14. a4 Re8 15. Bd4 Bg5 16. Be3 h6 17. h3 Bf5 {½-½ Anton Guijarro,D (2639)-Li,C (2751) Gibraltar Masters 14th 2016 (8)}) 12. Rad1 d5 13. Nxe5 Bxe5 14. f4 Bf6 15. f5 Bd7 16. Qxd5 Qe7 17. Qc5 Rfe8 (17... Qe8 $11 18. Bf2 b6) 18. Qxe7 $16 Rxe7 19. Bf3 {[%emt 0:00:02] Dodges Bc6} Rxe3 20. Rxd7 Rxc3 21. Bxb7 Rd8 22. Rxd8+ Bxd8 {[%emt 0:00:02][%mdl 4096] Endgame KRB-KRB. White is a pawn up.} 23. Be4 Be7 24. Bd3 Bc5+ 25. Kh1 Kf8 26. Re1 Bd6 27. Re4 Rc5 28. Rh4 h6 {[%emt 0:01:41] [#]} 29. f6 $1 a5 (29... h5 30. fxg7+) 30. g3 Re5 31. Kg2 Re6 32. Ra4 Re5 33. fxg7+ Kxg7 34. Kf3 Bb4 35. a3 Bd6 36. b4 axb4 37. axb4 Rh5 38. h4 Rd5 39. b5 Re5 40. Rg4+ Kf8 41. Rd4 Bc5 42. Rd7 Bb6 43. Bc4 Re7 44. Rd8+ Kg7 45. Bd3 Re6 46. Rd5 c6 47. bxc6 Rxc6 48. g4 Rc8 49. Rd7 Rc7 50. Rd5 ({White should try} 50. Rxc7 $16 {And now Rb7 would win.} Bxc7 51. h5) 50... Bc5 (50... Rc8 $1 $11) 51. h5 Be7 52. c4 Rc6 53. Rd7 Kf8 54. Rb7 Rc5 55. Ke4 Bf6 56. Ke3 Rc6 57. Be4 {[%emt 0:00:55] White is more active.} (57. Rb5 $16) 57... Rxc4 $11 {[%emt 0:00:24] [#] The position is equal.} 58. Rxf7+ $1 Kxf7 59. Bd5+ {[%emt 0:00:02] Mistake:       	White=2     	Black=2      Inaccurate:     	White=1     	Black=2      OK:         	White=27    	Black=15     Best:        	White=3     	Black=2} Kg7 {[%emt 0:00:56] Weighted Error Value: White=0.10 (very precise) /Black=0.11 (very precise)} *

[Event "2nd Namma Bengaluru Open-A 2025"]
[Site "Bengaluru"]
[Date "2025.04.13"]
[Round "5.13"]
[White "Ayush Sharma"]
[Black "Varun, Vij"]
[Result "1/2-1/2"]
[Annotator "ChessBase"]
[ECO "B22"]
[WhiteElo "2485"]
[BlackElo "1978"]
[PlyCount "63"]
[EventDate "2025.04.10"]
[EventType "swiss"]
[EventCountry "IND"]
[SourceTitle "playchess.com"]
[Source "ChessBase"]
[SourceQuality "1"]
[TimeControl "5400+30"]

1. e4 c5 2. Nf3 g6 3. c3 d5 4. exd5 Qxd5 5. d4 Bg7 6. Be3 cxd4 7. cxd4 Nf6 8. Nc3 Qa5 9. Bc4 O-O 10. O-O Bg4 11. h3 Bxf3 12. Qxf3 Nc6 13. Bb3 Qh5 14. Qf4 e6 15. Rac1 Rfd8 16. a3 Ne7 17. Ne4 Nfd5 18. Qg5 Qe2 19. Rc2 Qb5 20. Bxd5 Nxd5 21. Rfc1 h6 22. Qh4 Qd7 23. Bxh6 Rdc8 24. Bxg7 Kxg7 25. g4 Rxc2 26. Rxc2 Rc8 27. g5 Rxc2 28. Qh6+ Kg8 29. Nf6+ Nxf6 30. gxf6 Rc1+ 31. Qxc1 Qd8 32. Qc2 1/2-1/2

[Event "2nd Namma Bengaluru Open-A 2025"]
[Site "Bengaluru"]
[Date "2025.04.13"]
[Round "5.14"]
[White "Jani Kushal R"]
[Black "Neelash Saha"]
[Result "1/2-1/2"]
[Annotator "ChessBase"]
[ECO "B00"]
[WhiteElo "2248"]
[BlackElo "2460"]
[PlyCount "92"]
[EventDate "2025.04.10"]
[EventType "swiss"]
[EventCountry "IND"]
[SourceTitle "playchess.com"]
[Source "ChessBase"]
[SourceQuality "1"]
[TimeControl "5400+30"]

1. e4 b6 2. d4 Bb7 3. Bd3 e6 4. Nf3 d5 5. e5 Ne7 6. c3 c5 7. Be3 Nec6 8. O-O Ba6 9. Bxa6 Nxa6 10. h4 Qd7 11. Nbd2 Be7 12. h5 h6 13. a3 c4 14. b3 cxb3 15. Nxb3 Nc7 16. Re1 a5 17. a4 O-O 18. Qd2 Rfb8 19. g4 Qe8 20. g5 hxg5 21. Bxg5 Rb7 22. Qf4 Qf8 23. h6 Bxg5 24. Nxg5 gxh6 25. Nh3 Ne7 26. Kh2 Ng6 27. Rg1 Kh7 28. Qg4 Qe7 29. f4 Rg8 30. f5 exf5 31. Qxf5 Ne6 32. Raf1 Rc7 33. Rg3 Rg7 34. Nc1 Rg8 35. Ne2 Qd7 36. Qh5 Qxa4 37. Rfg1 Qc2 38. R1g2 Qd1 39. Nf2 Qd2 40. Ng4 Kh8 41. Nf6 a4 42. Nxd5 Ra7 43. Qf5 a3 44. Nef4 Qxg2+ 45. Rxg2 Ngxf4 46. Rxg8+ Kxg8 1/2-1/2

[Event "2nd Namma Bengaluru Open-A 2025"]
[Site "Bengaluru"]
[Date "2025.04.13"]
[Round "5.15"]
[White "Ram Aravind L N"]
[Black "Stany, G.A."]
[Result "1/2-1/2"]
[Annotator "ChessBase"]
[ECO "B53"]
[WhiteElo "2245"]
[BlackElo "2454"]
[PlyCount "71"]
[EventDate "2025.04.10"]
[EventType "swiss"]
[EventCountry "IND"]
[SourceTitle "playchess.com"]
[Source "ChessBase"]
[SourceQuality "1"]
[TimeControl "5400+30"]

1. e4 c5 2. Nf3 d6 3. d4 cxd4 4. Qxd4 Nc6 5. Bb5 Bd7 6. Qd3 Rc8 7. Nc3 Nf6 8. Bg5 Nb4 9. Bxd7+ Nxd7 10. Qd2 h6 11. Bf4 Nb6 12. a3 Nc6 13. Qe2 g5 14. Be3 Bg7 15. Qd3 g4 16. Nd4 Ne5 17. Qb5+ Qd7 18. Nf5 Nf3+ 19. Kd1 Bxc3 20. Qxd7+ Kxd7 21. Bxb6 axb6 22. gxf3 Bxb2 23. Rb1 Bxa3 24. Rxb6 Rc7 25. Rb3 Bc5 26. fxg4 Bxf2 27. Rf1 Ba7 28. Ra3 b5 29. Rb3 e6 30. Ng7 Ke7 31. Rbf3 Rf8 32. Rf6 Rcc8 33. Rxh6 Bd4 34. Nh5 Rh8 35. Rxh8 Rxh8 36. Rf3 1/2-1/2

[Event "2nd Namma Bengaluru Open-A 2025"]
[Site "Bengaluru"]
[Date "2025.04.13"]
[Round "5.16"]
[White "Nithin Babu"]
[Black "Sanikidze, Tornike"]
[Result "1-0"]
[Annotator "ChessBase"]
[ECO "B63"]
[WhiteElo "2242"]
[BlackElo "2448"]
[PlyCount "91"]
[EventDate "2025.04.10"]
[EventType "swiss"]
[EventCountry "IND"]
[SourceTitle "playchess.com"]
[Source "ChessBase"]
[SourceQuality "1"]
[TimeControl "5400+30"]

1. e4 c5 2. Nf3 d6 3. d4 cxd4 4. Nxd4 Nf6 5. Nc3 Nc6 6. Bg5 e6 7. Qd2 Qb6 8. O-O-O Qxd4 9. Qxd4 Nxd4 10. Rxd4 a6 11. Na4 Nd7 12. c4 b6 13. Be2 Bb7 14. f3 Bc6 15. Nc3 h6 16. Be3 Be7 17. h4 O-O 18. g4 g5 19. hxg5 hxg5 20. Rhd1 Rfc8 21. Rxd6 Bxd6 22. Rxd6 f6 23. Rxe6 Kf7 24. Rd6 Ke7 25. Rd2 Rh8 26. b4 Rh3 27. Kb2 Rb8 28. Bd4 Ne5 29. c5 bxc5 30. Bxc5+ Kf7 31. Bxa6 Rxf3 32. Be2 Rh3 33. a4 Ra8 34. b5 Bd7 35. Bb4 Bxg4 36. Bxg4 Nxg4 37. a5 Ne5 38. Kb3 Kg6 39. b6 Nc6 40. Ka4 g4 41. Nd5 Rh1 42. Kb5 Nxb4 43. Kxb4 Kg5 44. b7 Rb8 45. a6 g3 46. Rd3 1-0

[Event "2nd Namma Bengaluru Open-A 2025"]
[Site "Bengaluru"]
[Date "2025.04.13"]
[Round "5.17"]
[White "Mehta Naitik R"]
[Black "Kaustuv, Kundu"]
[Result "0-1"]
[Annotator "RC"]
[ECO "C83"]
[WhiteElo "2227"]
[BlackElo "2407"]
[PlyCount "50"]
[EventDate "2025.04.10"]
[EventType "swiss"]
[EventCountry "IND"]
[SourceTitle "playchess.com"]
[Source "ChessBase"]
[SourceQuality "1"]
[TimeControl "5400+30"]

1. e4 e5 2. Nf3 Nc6 3. Bb5 a6 4. Ba4 Nf6 5. O-O Nxe4 6. d4 b5 7. Bb3 d5 8. dxe5 Be6 9. c3 Be7 10. Bf4 O-O 11. Nbd2 Nc5 12. Bc2 d4 13. cxd4 Nxd4 14. Bb1 Nxf3+ 15. Qxf3 Qd4 16. Qg3 Rfd8 17. Nf3 Qxb2 18. Nh4 Kh8 19. Nf5 Bf8 20. Nxg7 Bxg7 21. Qh4 Nd3 22. Bg5 Rd4 23. Qh5 Bg4 24. Qxf7 Rd7 25. Be7 Nxe5 0-1

[Event "2nd Namma Bengaluru Open-A 2025"]
[Site "Bengaluru"]
[Date "2025.04.13"]
[Round "5.18"]
[White "Mahitosh Dey"]
[Black "Audi Ameya"]
[Result "0-1"]
[Annotator "RC"]
[ECO "D02"]
[WhiteElo "2226"]
[BlackElo "2404"]
[PlyCount "76"]
[EventDate "2025.04.10"]
[EventType "swiss"]
[EventCountry "IND"]
[SourceTitle "playchess.com"]
[Source "ChessBase"]
[SourceQuality "1"]
[TimeControl "5400+30"]

1. Nf3 d5 2. d4 Nf6 3. c3 e6 4. Bf4 c5 5. e3 Nc6 6. Nbd2 cxd4 7. exd4 Nh5 8. Be3 Bd6 9. Ne5 g6 10. Be2 Ng7 11. f4 Nf5 12. Bf2 f6 13. Nd3 h5 14. Nf3 Qc7 15. Qd2 Na5 16. b3 Bd7 17. g3 O-O-O 18. Qb2 h4 19. g4 Ng3 20. hxg3 hxg3 21. Rxh8 gxf2+ 22. Kxf2 Rxh8 23. Qd2 g5 24. fxg5 e5 25. Nb4 e4 26. Nxd5 Bg3+ 27. Kg2 exf3+ 28. Bxf3 Rh2+ 29. Kg1 Rxd2 30. Nxc7 Kxc7 31. gxf6 Rf2 32. Rf1 Rxf1+ 33. Kxf1 Be6 34. c4 Bh4 35. d5 Bf7 36. c5 Bxf6 37. Ke2 b6 38. c6 Bg6 0-1

[Event "2nd Namma Bengaluru Open-A 2025"]
[Site "Bengaluru"]
[Date "2025.04.13"]
[Round "5.19"]
[White "Sri Sai Baswanth P"]
[Black "Nguyen, Quoc Hy"]
[Result "0-1"]
[Annotator "ChessBase"]
[ECO "A37"]
[WhiteElo "2213"]
[BlackElo "2404"]
[PlyCount "88"]
[EventDate "2025.04.10"]
[EventType "swiss"]
[EventCountry "IND"]
[SourceTitle "playchess.com"]
[Source "ChessBase"]
[SourceQuality "1"]
[TimeControl "5400+30"]

1. c4 c5 2. g3 g6 3. Bg2 Bg7 4. Nc3 Nc6 5. Nf3 d6 6. O-O Rb8 7. e3 Nf6 8. b3 Ne4 9. Bb2 Nxc3 10. Bxc3 Bxc3 11. dxc3 O-O 12. Qd2 a6 13. Rfd1 Bf5 14. h3 Qc8 15. Kh2 Be4 16. Ne1 Bxg2 17. Kxg2 b5 18. Qe2 Qe6 19. cxb5 axb5 20. Nd3 b4 21. Qf3 Ne5 22. Nxe5 Qxe5 23. cxb4 Rxb4 24. Rab1 Rfb8 25. Rd2 R4b7 26. Rc1 Ra7 27. Rc4 Rba8 28. Qe2 Qe6 29. e4 Qe5 30. Rcc2 Ra6 31. f4 Qe6 32. Kh2 Ra5 33. Kg2 Rb8 34. Rc4 Rab5 35. Rdc2 Qd7 36. Ra4 e6 37. Rd2 d5 38. exd5 exd5 39. Re4 Qc6 40. Re5 c4 41. Qf3 cxb3 42. axb3 Rxb3 43. Qxd5 Qc3 44. Rg5 Rb2 0-1

[Event "2nd Namma Bengaluru Open-A 2025"]
[Site "Bengaluru"]
[Date "2025.04.13"]
[Round "5.20"]
[White "Anuj Shrivatri"]
[Black "Vignesh B"]
[Result "1-0"]
[Annotator "ChessBase"]
[ECO "E68"]
[WhiteElo "2400"]
[BlackElo "2191"]
[PlyCount "61"]
[EventDate "2025.04.10"]
[EventType "swiss"]
[EventCountry "IND"]
[SourceTitle "playchess.com"]
[Source "ChessBase"]
[SourceQuality "1"]
[TimeControl "5400+30"]

1. d4 Nf6 2. c4 g6 3. g3 Bg7 4. Bg2 d6 5. Nc3 O-O 6. Nf3 Bf5 7. Nh4 Bc8 8. O-O e5 9. Nf3 exd4 10. Nxd4 Nbd7 11. e4 Nc5 12. h3 Re8 13. Re1 h6 14. Kh2 a5 15. Rb1 a4 16. Ndb5 Bd7 17. Bf4 Bxb5 18. cxb5 Nfd7 19. Qc2 h5 20. Nd5 Ne5 21. Rbd1 h4 22. gxh4 c6 23. Ne3 Qxh4 24. Bg3 Qh5 25. Rxd6 cxb5 26. f4 Nf3+ 27. Bxf3 Qxf3 28. Qxc5 Rxe4 29. Ng2 Rxe1 30. Nxe1 Qe4 31. Qd5 1-0

[Event "2nd Namma Bengaluru Open-A 2025"]
[Site "Bengaluru"]
[Date "2025.04.13"]
[Round "5.21"]
[White "Saravana, Krishnan P."]
[Black "Fedorov, Alexei"]
[Result "0-1"]
[Annotator "ChessBase"]
[ECO "B32"]
[WhiteElo "2177"]
[BlackElo "2396"]
[PlyCount "78"]
[EventDate "2025.04.10"]
[EventType "swiss"]
[EventCountry "IND"]
[SourceTitle "playchess.com"]
[Source "ChessBase"]
[SourceQuality "1"]
[TimeControl "5400+30"]

1. e4 c5 2. Nf3 Nc6 3. d4 cxd4 4. Nxd4 Qb6 5. Nb3 e6 6. Nc3 Qc7 7. Qe2 a6 8. Be3 b5 9. O-O-O Ne5 10. Bd4 Nc4 11. h4 Bb7 12. Rh3 Rc8 13. g4 b4 14. Qxc4 Qxc4 15. Bxc4 bxc3 16. Rxc3 h5 17. g5 Bb4 18. Bxg7 Rh7 19. Bxa6 Bxa6 20. Rxc8+ Bxc8 21. Bd4 Ne7 22. Be5 Ng6 23. Bg3 e5 24. Rd5 Be7 25. a4 f6 26. gxf6 Bxf6 27. a5 Nxh4 28. Rd6 Bg5+ 29. Kd1 Ke7 30. Rb6 d6 31. a6 Bg4+ 32. Ke1 Nf3+ 33. Kf1 Rh8 34. a7 Ra8 35. Rb7+ Ke6 36. c3 h4 37. Bxh4 Nxh4 38. Na5 Bf3 39. Rg7 Bf6 0-1

[Event "2nd Namma Bengaluru Open-A 2025"]
[Site "Bengaluru"]
[Date "2025.04.13"]
[Round "5.22"]
[White "Sherla Prathamesh"]
[Black "Hari Madhavan N B"]
[Result "0-1"]
[Annotator "ChessBase"]
[ECO "A11"]
[WhiteElo "2157"]
[BlackElo "2393"]
[PlyCount "72"]
[EventDate "2025.04.10"]
[EventType "swiss"]
[EventCountry "IND"]
[SourceTitle "playchess.com"]
[Source "ChessBase"]
[SourceQuality "1"]
[TimeControl "5400+30"]

1. c4 c6 2. Nf3 d5 3. e3 Nf6 4. Nc3 a6 5. b3 Bg4 6. Be2 e6 7. h3 Bh5 8. O-O Nbd7 9. d4 Bd6 10. Nd2 Bg6 11. f4 O-O 12. c5 Bc7 13. b4 b6 14. cxb6 Nxb6 15. Nb3 Nc4 16. Bd3 a5 17. b5 Bd6 18. bxc6 a4 19. Nc5 Bxc5 20. dxc5 Qa5 21. Nxd5 exd5 22. f5 Bh5 23. g4 Qxc5 24. gxh5 h6 25. Bxc4 dxc4 26. Bb2 c3 27. Qc1 Ne4 28. Ba3 Qe5 29. Rf4 Rfe8 30. Qc2 Ng5 31. Kg2 Qxe3 32. Raf1 Qxh3+ 33. Kg1 Qxh5 34. Qxc3 Nh3+ 35. Kg2 Re2+ 36. Kg3 Nxf4 0-1

[Event "2nd Namma Bengaluru Open-A 2025"]
[Site "Bengaluru"]
[Date "2025.04.13"]
[Round "5.23"]
[White "Panda Sambit"]
[Black "Anadkat Kartavya"]
[Result "*"]
[Annotator "RC"]
[ECO "D90"]
[WhiteElo "2391"]
[BlackElo "2187"]
[PlyCount "50"]
[EventDate "2025.04.10"]
[EventType "swiss"]
[EventCountry "IND"]
[SourceTitle "playchess.com"]
[Source "ChessBase"]
[SourceQuality "1"]
[TimeControl "5400+30"]

1. d4 Nf6 2. c4 g6 3. Nc3 d5 4. Nf3 Bg7 5. h4 c6 6. cxd5 cxd5 7. Bf4 Nc6 8. e3 O-O 9. Be2 Bg4 10. Ne5 Bxe2 11. Qxe2 Rc8 12. O-O e6 13. Nf3 Ne4 14. Rfc1 h6 15. Bh2 a6 16. Nxe4 dxe4 17. Nd2 f5 18. h5 gxh5 19. Qxh5 Qe7 20. Bf4 Kh7 21. a3 Rcd8 22. Rc2 e5 23. dxe5 Nxe5 24. Bxe5 Bxe5 25. g3 Qg7 *